 Seeded DCSS version 0.29.1-15-g9cfb28693d (webtiles) character file.

Game seed: 11851575853161599096 (custom seed)

31637 Sanktem7 the Cleaver (level 13, -7/105 HPs)
             Began as a Formicid Fighter on Mar 19, 2023.
             Was the Champion of Okawaru.
             Mangled by an ettin
             ... wielding a +0 dire flail
              (28 damage)
             ... on level 1 of the Orcish Mines.
             The game lasted 00:18:29 (12904 turns).

Sanktem7 the Cleaver (Formicid Fighter)            Turns: 12904, Time: 00:18:30

Health: -7/105     AC: 37    Str: 25    XL:     13   Next: 97%
Magic:  13/13      EV:  9    Int: 13    God:    Okawaru [******]
Gold:   1981       SH: 25    Dex: 13    Spells: 12/12 levels left

rFire   + . .      SeeInvis +   B - +3 executioner's axe (freeze) {axerare=g}
rCold   . . .      Faith    .   Q - +3 tower shield {AC+3}
rNeg    . . .      Spirit   .   u - +15 Maxwell's patent armour {-Cast -Tele rElec Will+ rCorr}
rPois   .          Reflect  +   (helmet unavailable)
rElec   +          Harm     .   t - +2 cloak {rF+}
rCorr   +          Rampage  .   s - +0 pair of gloves
Will    ++...      NoCast   +   (no boots)
Stlth   ..........              O - amulet "Kisy" {Reflect Int+4 SH+5}
HPRegen 0.27/turn               j - +4 ring of evasion
MPRegen 0.13/turn               r - +4 ring of slaying

@: no status effects
A: permanent stasis, dig shafts and tunnels, antennae 3, four strong arms
a: Dig, Shaft Self, Renounce Religion, Heroism, Finesse, Duel


You were on level 1 of the Orcish Mines.
You worshipped Okawaru.
Okawaru was exalted by your worship.
You visited 2 branches of the dungeon, and saw 13 of its levels.
You also visited: Gauntlet and Volcano.

You collected 2160 gold pieces.
You spent 179 gold pieces at shops.


Innate Abilities, Weirdness & Mutations

You cannot be hasted, slowed, berserked, paralysed or teleported.
You can dig through walls and to a lower floor.
You have a pair of large antennae on your head. (SInv)
Your four strong arms can wield two-handed weapons with a shield.


   Skills:
 + Level 10.8 Fighting
 * Level 13.6 Axes
 + Level 9.4 Throwing
 + Level 10.8 Armour
 + Level 12.8 Shields


You had 12 spell levels left.
You didn't know any spells.
Your spell library contained the following spells:

 Spells                   Type           Power      Damage    Failure   Level
 Magic Dart               Conj           0%         1d3       100%        1
 Shock                    Conj/Air       0%         1d3       100%        1
 Searing Ray              Conj           0%         2d4       100%        2
 Static Discharge         Conj/Air       0%         3-3/arc   100%        2
 Airstrike                Air            0%         2d(0-16)  100%        4
 Fulminant Prism          Conj/Hex       0%         3d6       100%        4
 Alistair's Intoxication  Tmut/Pois      0%         N/A       100%        5
 Borgnjor's Vile Clutch   Necr/Erth      0%         N/A       100%        5
 Iskenderun's Battlesphe  Conj           0%         2d6       100%        5
 Lightning Bolt           Conj/Air       0%         1d11      100%        5
 Dispersal                Tloc           0%         N/A       100%        6
 Eringya's Noxious Bog    Tmut/Pois      0%         N/A       100%        6
 Iron Shot                Conj/Erth      0%         9d1       100%        6
 Disjunction              Tloc           0%         N/A       100%        8
 Maxwell's Capacitive Co  Air            0%         ∞         100%        8
 Swiftness                Air            Unusable   N/A       N/A         3
 Spellforged Servitor     Conj/Summ      Unusable   N/A       N/A         7

Inventory:

Hand Weapons
 A - a +1 whip of flaming {mace}
   (You took it off a gnoll bouda on level 8 of the Dungeon)
 B - a +3 executioner's axe of freezing (weapon) {axerare=g}
   (You acquired it on level 8 of the Dungeon)
Missiles
 h - 6 boomerangs (quivered) {throwing}
 l - 6 stones {throwing}
 n - 4 poisoned darts {throwing}
 P - 8 silver javelins {throwing}
Armour
 s - a +0 pair of gloves (worn)
   (You found it on level 10 of the Dungeon)
 t - a +2 cloak of fire resistance (worn)
   (You found it in a volcano)
 u - the +15 Maxwell's patent armour (worn) {-Cast -Tele rElec Will+ rCorr}
   (You found it on level 3 of the Dungeon)

   rElec:     It insulates you from electricity.
   -Cast:     It prevents spellcasting.
   -Tele:     It prevents most forms of teleportation.
   rCorr:     It protects you from acid and corrosion.
   Will:      It increases your willpower.
 Q - a +3 tower shield of protection (worn)
   (Okawaru gifted it to you in a volcano)
Jewellery
 c - a ring of poison resistance
   (You found it in a Gauntlet)
 j - a +4 ring of evasion (left hand)
   (You found it on level 2 of the Dungeon)
 r - a +4 ring of slaying (right hand)
   (You found it on level 1 of the Dungeon)
 I - a +6 ring of dexterity
   (You took it off an orc wizard on level 12 of the Dungeon)
 O - the amulet "Kisy" (around neck) {Reflect Int+4 SH+5}
   (You found it on level 7 of the Dungeon)

   [amulet of reflection]

   It reflects blocked missile attacks.
   Int:       It affects your intelligence (+4).
   SH:        It affects your SH (+5).
Wands
 x - a wand of paralysis (29)
   (You found it on level 4 of the Dungeon)
 D - a wand of flame (74)
   (You found it on level 6 of the Dungeon)
 H - a wand of iceblast (19)
   (You found it on level 8 of the Dungeon)
 S - a wand of polymorph (5)
   (You found it in a Gauntlet)
Scrolls
 a - 2 scrolls of immolation {unknown}
 i - 6 scrolls of teleportation {@r4}
 k - 2 scrolls of identify {@r1}
 o - 2 scrolls of noise {!r}
 p - a scroll of poison {!r}
 q - a scroll of blinking {!r}
 y - 2 scrolls of fear {unknown}
 E - a scroll of amnesia {unknown}
 J - a scroll of fog
 L - a scroll of magic mapping {unknown}
 N - a scroll of enchant weapon
Potions
 b - 2 potions of attraction {!q}
 d - 3 potions of might
 e - 14 potions of curing {@q1}
 f - 6 potions of haste {@q3}
 g - 5 potions of brilliance
 m - 4 potions of mutation {!q}
 v - 3 potions of flight
 w - 4 potions of berserk rage {unknown}
 z - 4 potions of heal wounds {@q2}
 C - a potion of lignification {unknown}
 G - a potion of invisibility {unknown}
 M - 3 potions of cancellation {unknown}

Dungeon Overview and Level Annotations

Branches:
Dungeon (12/15) Zot: 25869  Temple (0/1) D:5            Lair (0/5) D:9
    Orc (1/2) D:12 Zot: 5869 Volcano (visited)         Gauntlet (visited)

Altars:
Okawaru
Uskayaw
Wu Jian
Yredelemnul

Shops:
D:4 [   D:5 [   D:7 *   Orc:1 ?

Annotations:
D:7 1 runed translucent door, Ast3rio's ghost, novice MiBe

.......C........#####
....................#.#
........................
............#.......#.##
........................
........................
.....................#..
......C.................
.......@....#..........
......##...##..........
..... #...##.........
.... #())###....... ...
##.## .....# .. #≈≈≈#
.... . #≈≈§# ≈≈§## ##.§#


You could see an ettin.


Message History

You freeze the troll. You block the troll's attack. x3
You block the orc's attack. The troll bites you but does no damage.
The troll closely misses you. The troll claws you.
The cyclops completely misses you.
You are too injured to fight recklessly! 😮 HP[-26]
You take 26 damage, and now have 78/104 hp.
MASSIVE DAMAGE!! (PAUSE)
You are too injured to fight recklessly!
You are too injured to fight recklessly!
You are too injured to fight recklessly!
You are too injured to fight recklessly!
You are too injured to fight recklessly!
You are too injured to fight recklessly!
You are too injured to fight recklessly!
You are too injured to fight recklessly!
You are too injured to fight recklessly!
You closely miss the troll. You slash the orc! You freeze the orc.
You kill the orc!
You slash the cyclops! You freeze the cyclops. The troll completely misses you.
You block the troll's attack. The troll claws you but does no damage.
You block the cyclops's attack.
You slice the troll!! You freeze the troll.
You kill the troll!
Okawaru accepts your kill.
You slice the orc priest!! You freeze the orc priest.
You kill the orc priest!
Okawaru accepts your kill.
You slash the cyclops! You freeze the cyclops.
The cyclops hits you but does no damage. 😕 HP[+1]
You slash the orc wizard! You freeze the orc wizard.
You kill the orc wizard!
Okawaru accepts your kill.
You hit the cyclops. You freeze the cyclops. You block the cyclops's attack.
You hit the orc. You freeze the orc. You slash the cyclops!
You freeze the cyclops.
You kill the cyclops!
Okawaru accepts your kill. You block the orc's attack. x2 😕 HP[+1]
You now have 105 max hp (+1).
You slice the orc!! You freeze the orc.
You kill the orc!
Okawaru accepts your kill. 😕 HP[+1]
Items here: )))) [[[ †††.
You sense a monster nearby. 😕 HP[+5]
You regained 5 hp, and now have 86/105 hp.
An ettin comes into view.
It is wielding two +0 dire flails. 😕 HP[+4]
You regained 4 hp, and now have 90/105 hp.
An ettin is nearby!
The ettin shouts in stereo!
The ettin hits you but does no damage. You block the ettin's attack. 😕 HP[+1]
You slash the ettin! You freeze the ettin. You block the ettin's attack.
The ettin hits you but does no damage.
You barely miss the ettin. You block the ettin's attack. x3
The ettin hits you with a +0 dire flail! 😮 HP[-16]
You take 16 damage, and now have 75/105 hp.
You are too injured to fight recklessly!
You are too injured to fight recklessly!
You are too injured to fight recklessly!
You are too injured to fight recklessly!
You are too injured to fight recklessly!
You are too injured to fight recklessly!
You are too injured to fight recklessly!
You are too injured to fight recklessly!
You are too injured to fight recklessly!
You are too injured to fight recklessly!
You are too injured to fight recklessly!
You are too injured to fight recklessly!
You are too injured to fight recklessly!
You are too injured to fight recklessly!
You are too injured to fight recklessly!
You are too injured to fight recklessly!
You are too injured to fight recklessly!
Unknown command.
You barely miss the ettin.
The ettin hits you with a +0 dire flail!!
The ettin hits you but does no damage. 😮 HP[-20]
You take 20 damage, and now have 55/105 hp.
You slice the ettin!! You freeze the ettin. You block the ettin's attack.
The ettin hits you with a +0 dire flail!!
* * * LOW HITPOINT WARNING * * *
The ettin hits you with a +0 dire flail!
* * * LOW HITPOINT WARNING * * *
You block the ettin's attack. 😱 HP[-35]
You take 35 damage, and now have 20/105 hp.
MASSIVE DAMAGE!! (PAUSE)
You barely miss the ettin. You block the ettin's attack.
The ettin hits you but does no damage.
You barely miss the ettin. You block the ettin's attack.
The ettin hits you with a +0 dire flail!!
You die...

Skill      XL: |  1  2  3  4  5  6  7  8  9 10 11 12 13 |
---------------+----------------------------------------+-----
Axes           | 3 4 5 6 7 9 10 12 13 | 13.6
Throwing       | 1 2 3 4 5 6 7 8 9 |  9.4
Fighting       | 4 5 6 7 8 9 10 | 10.8
Armour         | 4 5 6 7 8 9 10 | 10.8
Shields        | 5 6 8 9 10 11 12 | 12.8

Action                   |  1- 3 |  4- 6 |  7- 9 | 10-12 | 13-15 || total
-------------------------+-------+-------+-------+-------+-------++-------
Melee: War axe           |    17 |       |       |    39 |       ||    56
       Battleaxe         |    56 |    87 |   197 |       |       ||   340
       Executioner's axe |       |       |       |   238 |   218 ||   456
       Whip              |       |       |       |       |     7 ||     7
Throw: Boomerang         |       |       |       |       |     6 ||     6
Invok: Heroism           |       |       |       |     3 |       ||     3
 Abil: Dig               |       |       |       |       |     1 ||     1
  Use: Scroll            |       |       |       |    14 |     2 ||    16
Armor: Scale mail        |    57 |     6 |       |       |       ||    63
       Plate armour      |       |    55 |   114 |   181 |   106 ||   456
Dodge: Dodged            |    51 |    51 |    86 |   154 |    53 ||   395
Block: Buckler           |    27 |    28 |    90 |   179 |       ||   324
       Reflection        |       |       |       |    16 |     9 ||    25
       Tower shield      |       |       |       |   113 |   262 ||   375

Levels and vault maps discovered:
D:1:      lightli_iron_boxes, layout_basic
D:2:      layout_rooms, shapermc_ecumenical_altar_flowoftime
D:3:      layout_basic, uniq_natasha
D:4:      layout_rooms, serial_shops, nicolae_take_the_stairs,
          uniq_blork_the_orc
D:5:      layout_basic, minmay_temple_entry_stoned_glass, serial_shops,
          nicolae_lakefront_shop, grunt_ministairs_2,
          minmay_misc_feat_more_columns, kennysheep_generic_room_15
D:6:      layout_basic, serial_rivers, chequers_serial_rivers_small_a,
          chequers_serial_rivers_micro_c, chequers_serial_rivers_micro_d,
          chequers_serial_rivers_micro_b, chequers_serial_rivers_small_a
D:7:      layout_basic, chequers_temple_overflow_statue_of_worship,
          serial_shops, shop_statue, hellmonk_ghost_happy_afterlife,
          uniq_duvessa, uniq_joseph
D:8:      layout_loops_ring, amcnicky_altar_gilded, guppyfry_early_elven_hall,
          uniq_maurice
D:9:      kennysheep_blocky_room, layout_long_grid, erik_lair_orcish_takeover
D:10:     layout_stronghold, uniq_josephine, uniq_grum
D:11:     layout_stronghold, gauntlet_entry_generic, minmay_misc_feat_cross,
          serial_bayou_lake_a
D:12:     layout_roguey, zombieorc1_lemuel, chequers_serial_rivers_micro_c,
          nzn_sisyphean_effort
Orc:1:    layout_caves, nicolae_volcano_entry_two_sided, basic_altar,
          serial_shops, shop, shop, shop

Notes
Turn   | Place    | Note
-------+----------+-------------------------------------------
     0 | D:1      | Sanktem7 the Formicid Fighter began the quest for the Orb.
     0 | D:1      | Reached XP level 1. HP: 18/18 MP: 1/1
     0 | D:1      | magus.rc [v1.9.6]
    10 | D:1      | You fall into a shaft and drop 1 floor!
   177 | D:2      | Reached XP level 2. HP: 24/24 MP: 2/2
   299 | D:2      | Found a faded altar of an unknown god.
   739 | D:2      | Reached XP level 3. HP: 28/29 MP: 3/3
  1019 | D:1      | Reached XP level 4. HP: 32/37 MP: 4/4
  1202 | D:1      | Reached skill level 3 in Axes
  1264 | D:1      | You pick up a book of Power and begin reading...
  1264 | D:1      | You add the spells Iskenderun's Battlesphere, Iron Shot and
                  | Spellforged Servitor to your library.
  1425 | D:3      | Found the +15 Maxwell's patent armour {-Cast -Tele rElec
                  | Will+ rCorr}
  1486 | D:3      | Reached skill level 1 in Throwing
  1536 | D:3      | Noticed Natasha
  1542 | D:3      | Killed Natasha
  1543 | D:3      | Reached XP level 5. HP: 36/42 MP: 5/5
  1702 | D:3      | Noticed Natasha
  1706 | D:3      | Killed Natasha
  1707 | D:3      | Reached skill level 4 in Fighting
  1839 | D:3      | Noticed Natasha
  1843 | D:3      | Killed Natasha
  1844 | D:3      | Reached skill level 4 in Armour
  1863 | D:3      | You pick up a book of Air and begin reading...
  1863 | D:3      | You add the spells Shock and Airstrike to your library.
  2057 | D:4      | Noticed Blork the orc
  2067 | D:4      | Reached skill level 5 in Shields
  2067 | D:4      | Reached XP level 6. HP: 24/48 MP: 6/6
  2070 | D:4      | Killed Blork the orc
  2071 | D:4      | Reached skill level 4 in Axes
  2315 | D:4      | Reached skill level 2 in Throwing
  2325 | D:4      | Found Kagucra's Armour Boutique.
  2543 | D:4      | Reached XP level 7. HP: 55/55 MP: 7/7
  2620 | D:5      | Entered Level 5 of the Dungeon
  2732 | D:5      | Found Ozadgha's Antique Armour Boutique.
  2842 | D:5      | Reached skill level 5 in Axes
  3013 | D:5      | Reached skill level 3 in Throwing
  3013 | D:5      | Reached XP level 8. HP: 61/61 MP: 8/8
  3036 | D:5      | Found a staircase to the Ecumenical Temple.
  3215 | D:5      | You add the spells Alistair's Intoxication, Borgnjor's Vile
                  | Clutch and Eringya's Noxious Bog to your library.
  3406 | D:5      | Reached skill level 5 in Fighting
  3406 | D:5      | Reached skill level 5 in Armour
  3406 | D:5      | Reached skill level 6 in Shields
  3892 | D:6      | You pick up a book of Lightning and begin reading...
  3892 | D:6      | You add the spells Static Discharge, Lightning Bolt and
                  | Maxwell's Capacitive Coupling to your library.
  4684 | D:7      | Reached skill level 6 in Axes
  4702 | D:7      | Found an iron altar of Okawaru.
  4703 | D:7      | Found an ornate altar of the Wu Jian Council.
  4704 | D:7      | Found a hide-covered altar of Uskayaw.
  4708 | D:7      | Became a worshipper of Warmaster Okawaru
  4841 | D:7      | Noticed Ast3rio's ghost (novice MiBe)
  4846 | D:7      | Found a runed translucent door.
  5027 | D:7      | Found Cyud's General Store.
  5060 | D:7      | Reached skill level 4 in Throwing
  5060 | D:7      | Reached XP level 9. HP: 69/69 MP: 9/9
  5061 | D:7      | Bought 2 potions of curing for 78 gold pieces
  5061 | D:7      | Bought a scroll of identify for 26 gold pieces
  5062 | D:7      | Identified the +1 scale mail of Varoxzih {+Blink Int+5}
  5076 | D:7      | Reached skill level 7 in Shields
  5208 | D:7      | Noticed Duvessa
  5209 | D:7      | Noticed Dowan
  5213 | D:7      | Killed Duvessa
  5213 | D:7      | Reached * piety under Okawaru
  5214 | D:7      | Reached skill level 6 in Fighting
  5214 | D:7      | Reached skill level 6 in Armour
  5219 | D:7      | Killed Dowan
  5352 | D:7      | Noticed Joseph
  5356 | D:7      | Killed Joseph
  5357 | D:7      | Reached skill level 7 in Axes
  5413 | D:7      | Identified the amulet "Kisy" {Reflect Int+4 SH+5}
  5640 | D:8      | Found a basalt altar of Yredelemnul.
  5963 | D:8      | Noticed Maurice
  5976 | D:8      | Killed Maurice
  6076 | D:8      | Reached skill level 8 in Shields
  6082 | D:8      | Reached skill level 5 in Throwing
  6089 | D:8      | Reached XP level 10. HP: 55/77 MP: 10/10
  6305 | D:8      | Reached ** piety under Okawaru
  6306 | D:8      | Reached skill level 8 in Axes
  6310 | D:8      | Reached skill level 7 in Fighting
  6315 | D:8      | Reached skill level 7 in Armour
  6511 | D:8      | Noticed a deep elf pyromancer
  6526 | D:8      | Killed a deep elf pyromancer
  6526 | D:8      | Reached *** piety under Okawaru
  6857 | D:8      | Identified 2 scrolls of acquirement
  6857 | D:8      | Acquired 945 gold pieces
  6859 | D:8      | Acquired a +2 executioner's axe of freezing
  6860 | D:8      | B - a +2 executioner's axe of freezing {axerare=g}
  6861 | D:8      | your +2 executioner's axe of freezing {axerare=g} glows
                  | with a cold blue light!
  6861 | D:8      | B - a +2 executioner's axe of freezing (weapon) {axerare=g}
  6868 | D:8      | your +2 executioner's axe of freezing {axerare=g} glows red
                  | for a moment.
  6982 | D:9      | Reached skill level 9 in Axes
  7001 | D:9      | Reached skill level 9 in Shields
  7020 | D:9      | Reached skill level 6 in Throwing
  7022 | D:9      | Reached **** piety under Okawaru
  7233 | D:9      | Noticed a wizard
  7237 | D:9      | Killed a wizard
  7238 | D:9      | Reached XP level 11. HP: 67/85 MP: 11/11
  7241 | D:9      | Noticed a manticore
  7254 | D:9      | Killed a manticore
  7406 | D:9      | Reached skill level 8 in Fighting
  7412 | D:9      | Reached skill level 8 in Armour
  7531 | D:9      | Reached skill level 10 in Axes
  7665 | D:9      | Found a staircase to the Lair.
  7672 | D:9      | Reached ***** piety under Okawaru
  7673 | D:9      | Reached skill level 10 in Shields
  8083 | D:10     | Entered Level 10 of the Dungeon
  8135 | D:10     | Noticed Grum
  8165 | D:10     | Killed Grum
  8364 | D:10     | You pick up a book of the Warp and begin reading...
  8364 | D:10     | You add the spells Dispersal and Disjunction to your
                  | library.
  8440 | D:10     | Received a gift from Okawaru
  8444 | D:10     | Reached skill level 7 in Throwing
  8564 | D:10     | Noticed Josephine
  8569 | D:10     | Killed Josephine
  8727 | D:10     | Reached XP level 12. HP: 94/94 MP: 12/12
  8731 | D:10     | Reached skill level 11 in Axes
  8806 | D:10     | Identified the +3 tower shield of the Garden {Harm Str+4
                  | Dex-3} (Okawaru gifted it to you on level 10 of the
                  | Dungeon)
  8806 | D:10     | Received a gift from Okawaru
  8813 | D:10     | Reached skill level 9 in Fighting
  8813 | D:10     | Reached skill level 9 in Armour
  9210 | D:11     | Found a gate leading to a gauntlet.
  9220 | Gauntlet | Entered a Gauntlet
  9220 | Gauntlet | Found a transporter.
  9223 | Gauntlet | Found a transporter.
  9223 | Gauntlet | Found a transporter.
  9223 | Gauntlet | Found a transporter.
  9245 | Gauntlet | Found a transporter.
  9247 | Gauntlet | Reached skill level 11 in Shields
  9260 | Gauntlet | Found a transporter.
  9260 | Gauntlet | Found a transporter.
  9266 | Gauntlet | Identified the ring "Xaymposho" {Contam +Blink Will+ Int+4}
  9272 | Gauntlet | Noticed a death scarab
  9274 | Gauntlet | Found a transporter.
  9278 | Gauntlet | Killed a death scarab
  9280 | Gauntlet | Found a transporter.
  9280 | Gauntlet | Found a transporter.
  9286 | Gauntlet | Noticed a hell hog
  9333 | Gauntlet | Found a runed translucent door.
  9334 | Gauntlet | Found a transporter.
  9335 | Gauntlet | Found a transporter.
  9335 | Gauntlet | Found a transporter.
  9341 | Gauntlet | Noticed a fire crab
  9345 | Gauntlet | Killed a hell hog
  9346 | Gauntlet | Reached skill level 8 in Throwing
  9600 | Gauntlet | Identified the +1 hat of Leapfrog {Rampage}
  9611 | Gauntlet | Reached ****** piety under Okawaru
  9615 | Gauntlet | Killed a fire crab
  9616 | Gauntlet | Reached skill level 12 in Axes
  9617 | Gauntlet | Found a transporter.
  9739 | Gauntlet | Noticed a minotaur
  9746 | Gauntlet | Killed a minotaur
  9750 | Gauntlet | Identified the +1 leather armour of the Stonemason {Int+8
                  | Dex+6}
  9774 | D:11     | You pick up a book of Conjurations {@e2} and begin
                  | reading...
  9774 | D:11     | You add the spells Magic Dart, Searing Ray and Fulminant
                  | Prism to your library.
  9824 | D:11     | Noticed a two-headed ogre
  9826 | D:11     | Killed a two-headed ogre
  9889 | D:11     | Noticed a two-headed ogre
  9894 | D:11     | Killed a two-headed ogre
  9894 | D:11     | Received a gift from Okawaru
  9895 | D:11     | Reached XP level 13. HP: 90/103 MP: 13/13
  9978 | D:11     | Reached skill level 10 in Armour
 10060 | D:11     | Identified the +1 leather armour of Brilliance {*Slow +Inv
                  | Int+4}
 10175 | D:11     | Reached skill level 10 in Fighting
 10176 | D:11     | Received a gift from Okawaru
 10262 | D:11     | HP: 13/103 [drowned by a water elemental (16)]
 10711 | D:11     | Reached skill level 12 in Shields
 11033 | D:12     | Found a staircase to the Orcish Mines.
 11362 | D:12     | Noticed a seven-headed hydra
 11374 | D:12     | your +3 executioner's axe of freezing {axerare=g} stops
                  | glowing.
 11382 | D:12     | Killed a seven-headed hydra
 11382 | D:12     | Received a gift from Okawaru
 11382 | D:12     | Found the +8 Wrath of Trog {antimagic, *Rage Rampage}
 11383 | D:12     | Reached skill level 13 in Axes
 11624 | D:12     | Noticed a boulder beetle
 11625 | D:12     | your +3 executioner's axe of freezing {axerare=g} glows
                  | with a cold blue light!
 11625 | D:12     | B - a +3 executioner's axe of freezing (weapon) {axerare=g}
 11630 | D:12     | Killed a boulder beetle
 11631 | D:12     | Reached skill level 9 in Throwing
 12049 | Orc:1    | Entered Level 1 of the Orcish Mines
 12073 | Orc:1    | Found Wumyrah's Magic Scroll Shop.
 12093 | Orc:1    | Bought a scroll of enchant weapon for 75 gold pieces
 12104 | Orc:1    | Found a dark tunnel.
 12113 | Volcano  | Entered a volcano
 12272 | Volcano  | HP: 21/104 [burnt (13)]
 12617 | Volcano  | Received a gift from Okawaru
 12895 | Orc:1    | Noticed an ettin
 12902 | Orc:1    | HP: 20/105 [ettin/+0 dire flail (9)]
 12904 | Orc:1    | Mangled by an ettin

Vanquished Creatures
  A minotaur (Gauntlet)
  Josephine (D:10)
  A boulder beetle (D:12)
  A hydra (D:12)
  3 two-headed ogres (D:11)
  A death scarab (Gauntlet)
  A hell hog (Gauntlet)
  A fire crab (Gauntlet)
  A spectral hydra (Gauntlet)
  A deep elf archer (Volcano)
  A necromancer (Gauntlet)
  8 deep elf pyromancers
  An orc sorcerer (D:12)
  2 cyclopes
  2 manticores
  2 unseen horrors
  Joseph (D:7)
  2 kobold demonologists
  A komodo dragon (D:10)
  A troll (Orc:1)
  5 slime creatures (D:10)
  6 wraiths
  A water elemental (D:11)
  A shadow (D:10)
  29 yaks
  2 wyverns
  A ynoxinul (Gauntlet)
  10 fire bats (Gauntlet)
  Grum (D:10)
  A vampire (D:11)
  6 fire elementals (Volcano)
  5 vampire mosquitoes
  2 wargs (D:9)
  6 hell hounds
  Duvessa (D:7)
  A sky beast (D:7)
  7 orc warriors
  7 wolves
  7 centaurs
  3 ogres
  4 kobold brigands
  4 phantoms
  Blork the orc (D:4)
  4 bullfrogs
  A gnoll sergeant (D:9)
  A necrophage (D:6)
  2 scorpions
  9 wights
  Dowan (D:7)
  5 killer bees (D:11)
  7 howler monkeys
  8 electric eels (D:11)
  3 jellies
  9 orc priests
  4 hounds
  2 gnoll boudas
  2 iron imps (Gauntlet)
  8 orc wizards
  2 iguanas (D:5)
  Natasha (thrice) (D:3)
  6 ogre zombies (D:12)
  5 adders
  13 gnolls
  A shadow imp (D:7)
  2 white imps
  3 dart slugs
  34 orcs
  7 bats
  9 endoplasms
  4 giant cockroaches
  9 goblins
  6 hobgoblins
  7 jackals
  21 kobolds
  4 quokkas
  8 ball pythons
  2 frilled lizards
  4 goblin zombies (D:12)
  5 hobgoblin zombies (D:12)
  2 orc skeletons (D:12)
  7 orc zombies (D:12)
374 creatures vanquished.

Vanquished Creatures (others)
  A wizard (D:9)
  Maurice (D:8)
  An orc zombie (D:12)
  3 fungi (Gauntlet)
  7 plants
  A withered plant (Gauntlet)
14 creatures vanquished.

Grand Total: 388 creatures vanquished

Table legend:
 A = Non-vault XP
 B = Vault XP
 C = Vault XP percentage of total XP
 D = Non-vault monster count
 E = Vault monster count
 F = Vault count percentage of total count
                 A         B        C        D         E       F
            +---------+---------+-------+---------+---------+-------
      Total |   22809 |   22388 |  49.5 |     270 |     106 |  28.2
            +---------+---------+-------+---------+---------+-------
        D:1 |      64 |       0 |   0.0 |      26 |       0 |   0.0
        D:2 |      32 |       0 |   0.0 |      17 |       0 |   0.0
        D:3 |      92 |      35 |  27.6 |      12 |       1 |   7.7
        D:4 |     249 |      91 |  26.8 |      24 |       1 |   4.0
        D:5 |     582 |      59 |   9.2 |      17 |       4 |  19.0
        D:6 |     415 |       0 |   0.0 |      11 |       0 |   0.0
        D:7 |     825 |     604 |  42.3 |      24 |       3 |  11.1
        D:8 |    2048 |     975 |  32.3 |      22 |       2 |   8.3
        D:9 |    3230 |    2277 |  41.3 |      23 |      15 |  39.5
       D:10 |    4181 |    2226 |  34.7 |      21 |       9 |  30.0
       D:11 |    4991 |       0 |   0.0 |      26 |       0 |   0.0
       D:12 |    4208 |    1901 |  31.1 |      22 |      29 |  56.9
      Orc:1 |    1892 |       0 |   0.0 |      25 |       0 |   0.0
    Volcano |       0 |    6607 | 100.0 |       0 |      18 | 100.0
   Gauntlet |       0 |    7613 | 100.0 |       0 |      24 | 100.0
            +---------+---------+-------+---------+---------+-------

Illustrated notes

Table legend:
 A = Kills in this place as a percentage of kills in entire the game.
 B = Kills by you in this place as a percentage of kills by you in the entire game.
 C = Kills by friends in this place as a percentage of kills by friends in the entire game.
 D = Other kills in this place as a percentage of other kills in the entire game.
 E = Experience gained in this place as a percentage of experience gained in the entire game.
 F = Experience gained in this place divided by the number of levels of this place that you have seen.
                   A       B       C       D       E      F
               +-------+-------+-------+-------+-------+----------------------
         Total | 100.0 | 100.0 |   N/A | 100.0 | 100.0 | 3013.1
       Dungeon |  82.2 |  82.1 |   N/A | 100.0 |  64.4 | 2423.8
  Orcish Mines |   6.6 |   6.7 |   N/A |   0.0 |   4.2 | 1892.0
       Volcano |   4.8 |   4.8 |   N/A |   0.0 |  14.6 | 6607.0
      Gauntlet |   6.4 |   6.4 |   N/A |   0.0 |  16.8 | 7613.0
               +-------+-------+-------+-------+-------+----------------------

Table legend: (Time is in decaauts)
 A = Elapsed time spent in this place.
 B = Non-inter-level travel time spent in this place.
 C = Inter-level travel time spent in this place.
 D = Time resting spent in this place.
 E = Time spent auto-exploring this place.
 F = Levels seen in this place.
 G = Mean time per level.
                   A        B        C        D        E       F      G
               +--------+--------+--------+--------+--------+-----+--------+
         Total |  13301 |  13004 |    297 |   1014 |   9558 |  15 |  886.7 |
       Dungeon |  11849 |  11552 |    297 |    326 |   9253 |  12 |  987.4 |
  Orcish Mines |    129 |    129 |      0 |      0 |     52 |   1 |  129.0 |
       Volcano |    757 |    757 |      0 |    410 |    134 |   1 |  757.0 |
      Gauntlet |    565 |    565 |      0 |    278 |    119 |   1 |  565.0 |
               +--------+--------+--------+--------+--------+-----+--------+

Top non-repeatable levels by time:
    D:11: 1286 daAuts
     D:8: 1246 daAuts
     D:9: 1220 daAuts
    D:10: 1132 daAuts
    D:12: 1130 daAuts
     D:5: 1130 daAuts
     D:7: 1054 daAuts
     D:6: 939 daAuts
     D:2: 820 daAuts
 Volcano: 757 daAuts
     D:3: 671 daAuts
     D:1: 611 daAuts
     D:4: 604 daAuts
Gauntlet: 565 daAuts
   Orc:1: 129 daAuts
